 Dungeon Crawl Stone Soup version 0.30.0 (webtiles) character file.

Game seed: 10376941701617511538

1995 Renzlar the Shield-Bearer (level 9, -1/74 HPs)
             Began as a Gnoll Fighter on May 6, 2023.
             Slain by a fire elemental (5 damage)
             ... summoned by a deep elf pyromancer
             ... in a bailey on May 7, 2023.
             The game lasted 00:18:56 (3630 turns).

Renzlar the Shield-Bearer (Gnoll Fighter)           Turns: 3630, Time: 00:18:57

Health: -1/74      AC: 14    Str: 18    XL:     9   Next: 21%
Magic:  15/15      EV:  8    Int:  8    God:
Gold:   265        SH: 11    Dex: 13    Spells: 16/16 levels left

rFire   + . .        a - +0 war axe
rCold   . . .        f - +0 buckler
rNeg    . . .        o - +0 storm dragon scales
rPois   .            (no helmet)
rElec   +            j - +0 cloak
rCorr   .            (no gloves)
SInv    .            (no boots)
Will    .....        i - amulet of reflection Stlth
                     h - ring of protection from fire
HPRegen 0.32/turn    (no ring)
MPRegen 0.14/turn

%: reflection
@: no status effects
A: fangs 1, strong nose, distributed training
a: no special abilities


You were in a bailey.
You visited 1 branch of the dungeon, and saw 5 of its levels.
You also visited: Bailey.

You collected 265 gold pieces.

Inventory:

Hand Weapons
 a - a +0 war axe (weapon)
 c - a +2 sling of flaming
Armour
 b - a +0 scale mail
 f - a +0 buckler (worn)
 j - a +0 cloak (worn)
 o - +0 storm dragon scales (worn)
 p - a +2 leather armour of willpower
Jewellery
 h - a ring of protection from fire (left hand)
 i - an amulet of reflection (around neck)
Wands
 r - a wand of quicksilver (2)
 t - a wand of polymorph (3)
 u - a wand of charming (5)
Scrolls
 q - a scroll of noise {unknown}
 s - 2 scrolls of magic mapping {unknown}
Potions
 e - a potion of brilliance {unknown}
 g - a potion of curing
 k - a potion of mutation
 l - a potion of invisibility {unknown}
 m - a potion of berserk rage {unknown}
 n - a potion of flight


   Skills:
 + Level 7.8 Fighting
 + Level 4.1 Short Blades
 + Level 4.1 Long Blades
 + Level 6.2 Axes
 + Level 4.1 Maces & Flails
 + Level 4.1 Polearms
 + Level 4.1 Staves
 + Level 4.1 Ranged Weapons
 + Level 4.1 Throwing
 + Level 7.8 Armour
 + Level 4.1 Dodging
 + Level 4.1 Stealth
 + Level 7.8 Shields
 + Level 4.1 Unarmed Combat
 + Level 4.1 Spellcasting
 + Level 3.4 Conjurations
 + Level 3.4 Hexes
 + Level 3.4 Summonings
 + Level 3.4 Necromancy
 + Level 3.4 Translocations
 + Level 3.4 Transmutations
 + Level 3.4 Fire Magic
 + Level 3.4 Ice Magic
 + Level 3.4 Air Magic
 + Level 3.4 Earth Magic
 + Level 3.4 Poison Magic
 + Level 4.6 Invocations
 + Level 4.1 Evocations


You had 16 spell levels left.
You didn't know any spells.
Your spell library contained the following spells:

 Spells                   Type           Power      Damage    Failure   Level
 Poisonous Vapours        Pois/Air       14%        N/A       77%         2
 Mephitic Cloud           Conj/Pois/Air  7%         N/A       94%         3
 Freezing Cloud           Conj/Ice/Air   3%         6-21      100%        5


Dungeon Overview and Level Annotations

Branches:
Dungeon (4/15)             Bailey (1/1)
 Temple: D:4-7

Altars:
Elyvilon
Yredelemnul


Innate Abilities, Weirdness & Mutations

You have very sharp teeth.
Your uncanny sense of smell can sniff out nearby items.
Your experience applies equally to all skills.


Message History

The fire elemental burns you! You resist.
The deep elf pyromancer casts a spell.
You closely miss the deep elf pyromancer.
The deep elf pyromancer is almost dead.
You slash the fire elemental! The fire elemental hits you.
The fire elemental burns you! You resist.
You block the deep elf pyromancer's attack.
The fire elemental hits you. The fire elemental burns you! You resist.
Unknown command.
You closely miss the deep elf pyromancer.
You bite the deep elf pyromancer, but do no damage.
The deep elf pyromancer is almost dead.
You hit the fire elemental but do no damage. x2
The fire elemental hits you. The fire elemental burns you! You resist.
The deep elf pyromancer points at you and mumbles some strange words.
The sticky flame hits you but does no damage.
You are covered in liquid flames!
You block the fire elemental's attack. x2
The deep elf pyromancer hits you with a +0 short sword.
You barely miss the deep elf pyromancer.
The deep elf pyromancer is almost dead.
You hit the fire elemental. You slash the fire elemental!
You are covered in liquid flames!
* * * LOW HITPOINT WARNING * * *
You are no longer on fire.
You block the fire elemental's attack. The fire elemental hits you.
The fire elemental burns you! You resist.
* * * LOW HITPOINT WARNING * * *
The fire elemental closely misses you.
The deep elf pyromancer casts a spell at you.
The bolt of fire hits you! You resist.
* * * LOW HITPOINT WARNING * * *
Aiming: Quicksilver Bolt
Press: ? - help, Shift-Dir - straight line, f - deep elf pyromancer
Aim: a deep elf pyromancer, wielding a +0 short sword and wearing a +0 ring mail (almost dead, 67% to hit)
The bolt of dispelling energy misses the deep elf pyromancer.
The fire elemental hits you. The fire elemental burns you! You resist.
* * * LOW HITPOINT WARNING * * *
The fire elemental hits you. The fire elemental burns you! You resist.
You die...

≈≈≈♣..#### ####
≈≈≈♣..#..##########..#
≈≈≈...#..............#
≈≈≈.♣.##............#
≈≈≈....#..########..#
####...#.8##$...##8.#
.......#..#)$....#..#
.......'..#!!##..'..#
.......'..#?} #e@'..#
.......#..#[|..EE#..#
####...#.8##?...##8.#
≈≈≈....#..###### #..#
≈≈≈...##....... ...#
≈≈≈...#........ ....
≈≈≈≈..#∆.##### ###..#
≈≈≈≈..# ## ≈≈≈≈≈..


You could see a deep elf pyromancer and 2 fire elementals.

Vanquished Creatures
  An orc knight (Bailey)
  Sigmund (D:3)
  8 orc warriors
  A black bear (D:7)
  A scorpion (D:3)
  A hound (D:7)
  2 orc priests
  A sleepcap (D:4)
  Jessica (D:2)
  An iguana (D:4)
  9 orc wizards
  2 adders (D:2)
  2 worms
  A dart slug (D:2)
  23 orcs
  3 endoplasms
  3 giant cockroaches
  7 goblins
  5 hobgoblins
  6 jackals
  A quokka (D:3)
  7 ball pythons
  10 bats
  4 frilled lizards
  9 kobolds
  7 rats
117 creatures vanquished.

Notes
Turn   | Place    | Note
-------+----------+-------------------------------------------
     0 | D:1      | Renzlar the Gnoll Fighter began the quest for the Orb.
     0 | D:1      | Reached XP level 1. HP: 23/23 MP: 1/1
    57 | D:1      | Reached XP level 2. HP: 29/29 MP: 2/2
   287 | D:1      | Reached XP level 3. HP: 35/35 MP: 3/3
   545 | D:2      | Reached skill level 1 in Invocations
   776 | D:2      | Reached skill level 1 in Short Blades
   776 | D:2      | Reached skill level 1 in Long Blades
   776 | D:2      | Reached skill level 1 in Maces & Flails
   776 | D:2      | Reached skill level 1 in Polearms
   776 | D:2      | Reached skill level 1 in Staves
   776 | D:2      | Reached skill level 1 in Ranged Weapons
   776 | D:2      | Reached skill level 1 in Throwing
   776 | D:2      | Reached skill level 1 in Dodging
   776 | D:2      | Reached skill level 1 in Stealth
   776 | D:2      | Reached skill level 1 in Unarmed Combat
   776 | D:2      | Reached skill level 1 in Spellcasting
   776 | D:2      | Reached skill level 1 in Evocations
  1157 | D:2      | Reached XP level 4. HP: 41/41 MP: 5/5
  1203 | D:2      | Noticed Jessica
  1206 | D:2      | Killed Jessica
  1207 | D:2      | Reached skill level 1 in Conjurations
  1207 | D:2      | Reached skill level 1 in Hexes
  1207 | D:2      | Reached skill level 1 in Summonings
  1207 | D:2      | Reached skill level 1 in Necromancy
  1207 | D:2      | Reached skill level 1 in Translocations
  1207 | D:2      | Reached skill level 1 in Transmutations
  1207 | D:2      | Reached skill level 1 in Fire Magic
  1207 | D:2      | Reached skill level 1 in Ice Magic
  1207 | D:2      | Reached skill level 1 in Air Magic
  1207 | D:2      | Reached skill level 1 in Earth Magic
  1207 | D:2      | Reached skill level 1 in Poison Magic
  1754 | D:3      | Reached XP level 5. HP: 47/47 MP: 7/7
  1810 | D:3      | Found a faded altar of an unknown god.
  1864 | D:3      | Reached XP level 6. HP: 40/53 MP: 8/8
  1931 | D:3      | Reached skill level 5 in Axes
  2007 | D:3      | Found a basalt altar of Yredelemnul.
  2274 | D:3      | Noticed Sigmund
  2293 | D:3      | Killed Sigmund
  2294 | D:3      | Reached XP level 7. HP: 25/60 MP: 10/10
  2485 | D:3      | Found a white marble altar of Elyvilon.
  2710 | D:4      | You fall into a shaft and drop 3 floors!
  2833 | D:7      | Reached XP level 8. HP: 30/67 MP: 12/12
  2998 | D:7      | Found a flagged portal.
  3004 | Bailey   | Entered a bailey
  3304 | Bailey   | Noticed an orc knight
  3316 | Bailey   | Killed an orc knight
  3317 | Bailey   | Reached XP level 9. HP: 19/74 MP: 13/15
  3590 | Bailey   | Found a large runed translucent door.
  3590 | Bailey   | Found a large runed translucent door.
  3591 | Bailey   | Noticed a deep elf pyromancer
  3630 | Bailey   | Slain by a fire elemental

Illustrated notes

Levels and vault maps discovered:
D:1:      minmay_arrival_four_houses, layout_rooms, serial_park_tiny_pond,
          minmay_misc_feat_tiny
D:2:      layout_loops_corners, minmay_misc_feat_more_columns, st_stairs_8,
          chequers_mini_garden, uniq_jessica
D:3:      layout_rooms, kennysheep_ying_yang, hellmonk_ecumenical_altar_blasted,
          minmay_misc_feat_hallway, uniq_sigmund
D:4:      layout_cave_pools, jmf_multi_god_temple,
          hangedman_abyss_or_decor_lesser_grid
D:7:      layout_loops_ring, minmay_temple_entry_overgrown, enter_bailey_2,
          columned_hall_lemuel
Bailey:   bailey_polearm_elven_captive_hellmonk, bailey

Skill      XL: |  1  2  3  4  5  6  7  8 |
---------------+-------------------------+-----
Invocations    | 1 2 3 4 |  4.6
Short Blades   | 1 2 3 4 |  4.1
Long Blades    | 1 2 3 4 |  4.1
Maces & Flails | 1 2 3 4 |  4.1
Polearms       | 1 2 3 4 |  4.1
Staves         | 1 2 3 4 |  4.1
Ranged Weapons | 1 2 3 4 |  4.1
Throwing       | 1 2 3 4 |  4.1
Dodging        | 1 2 3 4 |  4.1
Stealth        | 1 2 3 4 |  4.1
Unarmed Combat | 1 2 3 4 |  4.1
Spellcasting   | 1 2 3 4 |  4.1
Evocations     | 1 2 3 4 |  4.1
Conjurations   | 1 2 3 |  3.4
Hexes          | 1 2 3 |  3.4
Summonings     | 1 2 3 |  3.4
Necromancy     | 1 2 3 |  3.4
Translocations | 1 2 3 |  3.4
Transmutations | 1 2 3 |  3.4
Fire Magic     | 1 2 3 |  3.4
Ice Magic      | 1 2 3 |  3.4
Air Magic      | 1 2 3 |  3.4
Earth Magic    | 1 2 3 |  3.4
Poison Magic   | 1 2 3 |  3.4
Axes           | 5 6 |  6.2
Fighting       | 7 |  7.8
Armour         | 7 |  7.8
Shields        | 7 |  7.8

Action                     |  1- 3 |  4- 6 |  7- 9 || total
---------------------------+-------+-------+-------++-------
  Melee: War axe           |    84 |    72 |   137 ||   293
         Bite              |     6 |    10 |    23 ||    39
   Fire: Sling             |    29 |    51 |    64 ||   144
  Evoke: Wand              |       |       |     6 ||     6
    Use: Scroll            |     3 |     6 |       ||     9
         Potion            |       |     1 |     5 ||     6
 Armour: Scale mail        |    43 |    45 |       ||    88
         Storm dragon scal |       |       |    74 ||    74
  Dodge: Dodged            |    34 |    29 |    36 ||    99
  Block: Buckler           |    45 |    50 |    76 ||   171
         Reflection        |     3 |       |       ||     3
